 Dungeon Crawl Stone Soup version 0.31-a0-219-g8d62b2e7bb (webtiles) character file.

Game seed: 17869796288703313975

914 Zonian the Magician (level 7, 0/36 HPs)
             Began as a Deep Elf Fire Elementalist on July 3, 2023.
             Slain by a phantom (5 damage)
             ... on level 5 of the Dungeon.
             The game lasted 00:08:59 (7493 turns).

Zonian the Magician (Deep Elf Fire Elementalist)    Turns: 7493, Time: 00:09:00

Health: 0/36       AC:  3    Str:  5    XL:     7   Next: 82%
Magic:  9/19       EV: 13    Int: 22    God:
Gold:   158        SH:  0    Dex: 15    Spells: 13/19 levels left

rFire   + . .        e - +0 short sword
rCold   . . .        (no shield)
rNeg    . . .        a - +0 robe
rPois   .            (no helmet)
rElec   .            (no cloak)
rCorr   .            (no gloves)
SInv    .            m - +0 pair of boots
Will    .....        (no amulet)
Stlth   +++          c - ring of wizardry
HPRegen 0.26/turn    l - ring of protection from fire
MPRegen 0.16/turn

%: wizardry (x1)
@: no status effects
A: no striking features
a: no special abilities


You were on level 5 of the Dungeon.
You visited 1 branch of the dungeon, and saw 5 of its levels.

You collected 236 gold pieces.
You spent 78 gold pieces at shops.

Inventory:

Hand Weapons
 e - a +0 short sword (weapon)
 g - a +0 dagger
Missiles
 i - 5 throwing nets
Armour
 a - a +0 robe (worn)
 m - a +0 pair of boots (worn)
Jewellery
 c - a ring of wizardry (left hand)
 l - a ring of protection from fire (right hand)
Wands
 h - a wand of flame (17)
Scrolls
 j - a scroll of teleportation {unknown}
 o - a scroll of silence {unknown}
 p - a scroll of fog {unknown}
Potions
 b - a potion of magic
 d - 2 potions of degeneration
 f - a potion of lignification
 k - a potion of attraction
 n - 2 potions of curing
 q - 2 potions of might {unknown}


   Skills:
 - Level 4.0 Dodging
 - Level 4.3 Stealth
 + Level 6.7 Spellcasting
 + Level 5.0 Conjurations
 + Level 6.0 Fire Magic


You had 13 spell levels left.
You knew the following spells:

 Your Spells              Type           Power      Damage    Failure   Level
a - Foxfire               Conj/Fire      100%       2x1d9     1%          1
b - Scorch                Fire           68%        2d7       1%          2
c - Inner Flame           Hex/Fire       20%        N/A       3%          3

Your spell library contained the following spells:

 Spells                   Type           Power      Damage    Failure   Level
 Shock                    Conj/Air       72%        1d7       1%          1
 Summon Small Mammal      Summ           28%        N/A       3%          1
 Volatile Blastmotes      Fire/Tloc      40%        2d13      3%          3
 Flame Wave               Conj/Fire      31%        2d9       3%          4
 Call Canine Familiar     Summ           7%         N/A       11%         3
 Summon Guardian Golem    Hex/Summ       7%         N/A       11%         3
 Swiftness                Air            7%         N/A       11%         3
 Airstrike                Air            3%         2d(1-17)  32%         4


Dungeon Overview and Level Annotations

Branches:
Dungeon (5/15)
 Temple: D:4-7

Altars:
Qazlal

Shops:
D:4 (


Message History

The phantom's fire resistance burns away.
The phantom hits you but does no damage.
Unknown command.
Unknown command.
You hit the phantom but do no damage.
The phantom is heavily damaged.
The phantom barely misses you.
You barely miss the phantom.
The phantom is heavily damaged.
The phantom hits you.
The phantom blinks!
You blink.
You barely miss the phantom.
The phantom is heavily damaged.
The phantom is no longer more vulnerable to fire.
The phantom hits you.
The phantom blinks!
You blink.
The phantom hits you.
You closely miss the phantom.
The phantom is heavily damaged.
The phantom hits you.
The phantom blinks!
You blink.
The phantom hits you.
* * * LOW HITPOINT WARNING * * *
Unknown command.
Casting: Scorch (safe; 1% risk of failure)
Confirm with . or Enter, or press ? or * to list all spells.
Flames lash the phantom.
The phantom is almost destroyed.
The phantom's fire resistance burns away.
The phantom hits you but does no damage.
Unknown command.
Casting: Scorch (safe; 1% risk of failure)
Confirm with . or Enter, or press ? or * to list all spells.
Flames lash the phantom.
The phantom is almost destroyed.
The phantom hits you.
* * * LOW HITPOINT WARNING * * *
The phantom blinks!
You blink.
Casting: Scorch (safe; 1% risk of failure)
Confirm with . or Enter, or press ? or * to list all spells.
Flames lash the phantom but do no damage.
The phantom hits you.
You die...

##.##.. .# ......
..# #### #...#.
#.# ...
#.....##.#######.#
...........@.....#
.........#..W....#
........###..###.#
.###..#.ยง.# .#
##...#.# .....
#.###.# ###.#. #.#
#.## #.#. #.# #..#
#.#.# ........#
##.# #.#.#


You could see a phantom (combustible).

Vanquished Creatures
  A black bear (D:4)
  2 kobold brigands
  A phantom (D:5)
  A scorpion (D:5)
  A howler monkey (D:4)
  6 hounds
  3 jellies
  An iguana (D:4)
  4 orc wizards
  2 adders (D:3)
  An ufetubus (D:4)
  A dart slug (D:2)
  11 orcs
  8 endoplasms
  5 hobgoblins
  3 jackals (D:2)
  3 quokkas
  4 ball pythons
  5 bats
  5 frilled lizards
  8 goblins
  13 kobolds
  11 rats
100 creatures vanquished.

Vanquished Creatures (others)
  352 foxfires
352 creatures vanquished.

Grand Total: 452 creatures vanquished

Notes
Turn   | Place    | Note
-------+----------+-------------------------------------------
     0 | D:1      | Zonian the Deep Elf Fire Elementalist began the quest for
                  | the Orb.
     0 | D:1      | Reached XP level 1. HP: 10/10 MP: 6/6
   167 | D:1      | Found a faded altar of an unknown god.
   520 | D:1      | Reached XP level 2. HP: 15/15 MP: 2/8
  1633 | D:2      | Learned a level 2 spell: Scorch
  1918 | D:2      | Reached XP level 3. HP: 19/19 MP: 3/9
  2889 | D:3      | Reached XP level 4. HP: 24/24 MP: 7/11
  4037 | D:3      | Reached XP level 5. HP: 28/28 MP: 1/13
  5047 | D:4      | Reached XP level 6. HP: 32/32 MP: 9/14
  5262 | D:4      | Reached skill level 5 in Spellcasting
  5437 | D:4      | Reached skill level 5 in Fire Magic
  5622 | D:4      | Reached XP level 7. HP: 24/36 MP: 2/17
  5969 | D:4      | Learned a level 3 spell: Inner Flame
  6273 | D:4      | Found Exzum's Weapon Shoppe.
  6276 | D:4      | Bought 2 throwing nets for 78 gold pieces
  6466 | D:5      | Entered Level 5 of the Dungeon
  7328 | D:5      | Found a stormy altar of Qazlal.
  7419 | D:5      | Reached skill level 5 in Conjurations
  7493 | D:5      | Slain by a phantom

Illustrated notes

Levels and vault maps discovered:
D:1:      matt_arrival_refuge, layout_basic, hellmonk_ecumenical_altar_blasted
D:2:      cheibrodos_old_hovel, layout_loops_ring
D:3:      layout_basic
D:4:      layout_basic, serial_shops, nicolae_shop_behind_doors,
          lexackson_kobold_supper
D:5:      layout_loops_ring, nicolae_qazlal_scattered_showers,
          hangedman_abyss_or_decor_lesser_grid

Skill      XL: |  1  2  3  4  5  6  7 |
---------------+----------------------+-----
Stealth        | 3 4 |  4.3
Dodging        | 3 4 |  4.0
Conjurations   | 2 4 5 |  5.0
Spellcasting   | 4 5 6 |  6.7
Fire Magic     | 4 5 6 |  6.0

Action                     |  1- 3 |  4- 6 |  7- 9 || total
---------------------------+-------+-------+-------++-------
  Melee: Short sword       |     7 |    29 |    38 ||    74
         Punch             |       |       |     1 ||     1
   Cast: Foxfire           |   132 |    90 |    23 ||   245
         Scorch            |       |    25 |    22 ||    47
         Inner Flame       |       |       |     3 ||     3
  Evoke: Wand              |       |     4 |       ||     4
    Use: Scroll            |       |     3 |       ||     3
         Potion            |       |     2 |       ||     2
   Stab: Sleeping          |       |     2 |       ||     2
 Armour: Robe              |     2 |     6 |    11 ||    19
         Skin              |       |     7 |       ||     7
  Dodge: Dodged            |    24 |    25 |    38 ||    87

Table legend: (Time is in decaauts)
 A = Elapsed time spent in this place.
 B = Non-inter-level travel time spent in this place.
 C = Inter-level travel time spent in this place.
 D = Time resting spent in this place.
 E = Time spent auto-exploring this place.
 F = Levels seen in this place.
 G = Mean time per level.
                   A        B        C        D        E       F      G
               +--------+--------+--------+--------+--------+-----+--------+
         Total |   7492 |   7381 |    111 |   2558 |   3987 |   5 | 1498.4 |
       Dungeon |   7492 |   7381 |    111 |   2558 |   3987 |   5 | 1498.4 |
               +--------+--------+--------+--------+--------+-----+--------+

Top non-repeatable levels by time:
     D:4: 2668 daAuts
     D:3: 1802 daAuts
     D:2: 1277 daAuts
     D:1: 1265 daAuts
     D:5: 478 daAuts
